 Dungeon Sprint DCSS version 0.29.1-2-gbd0b4ee654 (webtiles) character file.

Game seed: 14722155452531073414

3400000 raph the Axe Maniac (level 18, -55/236 HPs)
             Began as a Troll Warper on Nov 30, 2022.
             Was the Champion of Makhleb.
             Annihilated by a sculptor of flesh
             ... wielding a +9 great sword
              (154 damage)
             ... in the Dungeon (Sprint VIII: "Arena of Blood").
             The game lasted 00:01:39 (34 turns).

raph the Axe Maniac (Troll Warper)                    Turns: 34, Time: 00:01:40

Health: -55/236    AC:  4    Str: 26    XL:     18   Next: 83%
Magic:  17/33      EV: 22    Int:  9    God:    Makhleb [******]
Gold:   0          SH:  0    Dex: 13    Spells: 19/19 levels left

rFire   . . .      SeeInvis .   j - +∞ Axe of Woe
rCold   . . .      Faith    .   (shield currently unavailable)
rNeg    . . .      Spirit   .   b - +0 robe
rPois   .          Reflect  .   (helmet restricted)
rElec   .          Harm     .   (no cloak)
rCorr   .          Rampage  .   (gloves unavailable)
Will    +....      NoTele   +   (boots unavailable)
Stlth   +.........              (no amulet)
HPRegen 1.29/turn               (no ring)
MPRegen 0.23/turn               (no ring)

@: no status effects
A: large, unfitting armour, claws 3, regeneration 1, shaggy fur 1, tough skin 1
a: Renounce Religion, Minor Destruction, Lesser Servant of Makhleb, Major
Destruction, Greater Servant of Makhleb


You were in the Dungeon.
You worshipped Makhleb.
Makhleb was exalted by your worship.
You visited 1 branch

Inventory:

Hand Weapons
 a - a +0 hand axe
 j - the +∞ Axe of Woe (weapon)
   (You found it in the Dungeon)
Missiles
 d - 5 boomerangs of dispersal (quivered)
Armour
 b - a +0 robe (worn)
Jewellery
 k - a +100 ring of slaying
 l - a +200 ring of slaying
Scrolls
 c - 2 scrolls of blinking
Potions
 e - a potion of curing
 f - a potion of heal wounds
 g - a potion of haste
 h - 2 potions of magic
 i - a potion of berserk rage


   Skills:
 O Level 27 Fighting
 O Level 27 Axes
 + Level 24.4 Throwing
 O Level 27 Dodging
 - Level 1.2 Spellcasting
 - Level 2.1 Translocations
 + Level 24.3 Invocations


You had 19 spell levels left.
You didn't know any spells.
Your spell library contained the following spells:

 Spells                   Type           Power      Damage    Failure   Level
 Blink                    Tloc           8%         N/A       22%         2
 Gell's Gravitas          Tloc           4%         N/A       41%         3
 Lesser Beckoning         Tloc           4%         N/A       41%         3
 Teleport Other           Tloc           4%         N/A       41%         3
 Manifold Assault         Tloc           4%         N/A       99%         5


Dungeon Overview and Level Annotations

Branches:
Dungeon (1/1)

Altars:
Makhleb


Innate Abilities, Weirdness & Mutations

You are too large for most types of armour.
You have claws for hands.
Your natural rate of healing is unusually fast.
You are covered in fur. (AC +1)
You have tough skin. (AC +1)


Message History

You kill the bag of meat!
Makhleb accepts your kill.
You feel better.
You hear a shout!
A meat berserker comes into view. It is wielding a +9 battleaxe.
You hear a shout!
The large bag of meat is engulfed in blazing flames.
You hear a shout! x7
A bag of meat comes into view. It is wielding a +9 war axe.
You hear a roar!
Your Throwing skill gained 3 levels and is now at level 22!
Your Invocations skill gained 3 levels and is now at level 22!
You slice the large bag of meat!!
Flame seeps out of the large bag of meat.
You hew the large bag of meat savagely.
Makhleb accepts your kill.
You feel better.
You slice the bag of meat!!
You pulverise the bag of meat into a thin bloody mist.
You kill the bag of meat!
Makhleb accepts your kill.
You feel better.
The large bag of meat explodes!
The fiery explosion engulfs you!!
You hear a shout! x5
A meat berserker comes into view. It is wielding a +9 battleaxe.
You hear a shout! x3
A sculptor of flesh comes into view. It is wielding a +9 great sword.
You hear a shout! x2
Your Throwing skill gained 2 levels and is now at level 24!
Your Invocations skill gained 2 levels and is now at level 24!
A bag of meat comes into view. It is wielding a +9 war axe.
The bag of meat shouts!
You hear a shout! x6
The meat berserker hits you with a +9 battleaxe!!!
You hear a shout! x4
A bag of meat comes into view. It is wielding a +9 war axe. x3
You hear a shout! x2
The sculptor of flesh is engulfed in blazing flames.
The sculptor of flesh hits you with a +9 great sword!!!!!
Ouch! That really hurt!
You die...

#oo...##.##....
.......o..........
#..OO......#.#z...
#............o.o..
#................
..#...o...........
...........O......
.......§§z@.......
...#☼○.O...#...
#§§.....# .
...###)).....###..
......)))###.......
.#........_).......
.O.....#.))..#O...
.......#_.<._#...o
.......#.....# ..


You could see 2 sculptors of flesh, 2 large bags of meat, 3 meat berserkers and
7 bags of meat.

Vanquished Creatures
  2 vampire knights (D)
  6 ogres (D)
  2 two-headed ogres (D)
  16 orcs (D)
26 creatures vanquished.

Notes
Turn   | Place    | Note
-------+----------+-------------------------------------------
     0 | D        | Found the +∞ Axe of Woe
     0 | D        | raph the Troll Warper began the quest for the Orb.
     0 | D        | Reached XP level 1. HP: 19/19 MP: 1/1
     2 | D        | Noticed a bag of meat
     3 | D        | Noticed a bag of meat
     4 | D        | Noticed a meat berserker
     4 | D        | Became a worshipper of Makhleb the Destroyer
     4 | D        | Noticed a bag of meat
     5 | D        | Noticed a meat berserker
     5 | D        | Noticed a bag of meat
     7 | D        | Noticed a bag of meat
     8 | D        | Killed a bag of meat
     8 | D        | Noticed a meat berserker
     8 | D        | Noticed a bag of meat
     9 | D        | Reached XP level 2. HP: 27/27 MP: 2/2
     9 | D        | Reached XP level 3. HP: 33/33 MP: 3/3
     9 | D        | Reached XP level 4. HP: 41/41 MP: 4/4
     9 | D        | Reached XP level 5. HP: 48/48 MP: 5/5
     9 | D        | Reached XP level 6. HP: 55/55 MP: 6/6
     9 | D        | Reached XP level 7. HP: 62/62 MP: 7/7
     9 | D        | Reached XP level 8. HP: 70/70 MP: 8/8
     9 | D        | Reached XP level 9. HP: 76/76 MP: 9/9
     9 | D        | Reached XP level 10. HP: 85/85 MP: 10/10
     9 | D        | Killed a meat berserker
     9 | D        | Reached * piety under Makhleb
     9 | D        | Killed a bag of meat
    10 | D        | Reached skill level 27 in Axes
    10 | D        | Reached skill level 5 in Fighting
    10 | D        | Reached skill level 5 in Dodging
    10 | D        | Reached XP level 11. HP: 105/105 MP: 11/11
    10 | D        | Reached XP level 12. HP: 113/113 MP: 12/12
    10 | D        | Reached XP level 13. HP: 120/120 MP: 13/13
    11 | D        | Noticed a bag of meat
    12 | D        | Killed a bag of meat
    12 | D        | Noticed a meat berserker
    12 | D        | Noticed a bag of meat
    12 | D        | Noticed a bag of meat
    13 | D        | Killed a bag of meat
    13 | D        | Reached ** piety under Makhleb
    14 | D        | Killed a meat berserker
    15 | D        | Reached XP level 14. HP: 157/157 MP: 14/14
    15 | D        | Killed a bag of meat
    15 | D        | Noticed a bag of meat
    16 | D        | Noticed a bag of meat
    17 | D        | Noticed a bag of meat
    17 | D        | Noticed a bag of meat
    17 | D        | Noticed a meat berserker
    17 | D        | Noticed a bag of meat
    18 | D        | Noticed a large bag of meat
    18 | D        | Noticed a destroyer
    18 | D        | Noticed a bag of meat
    19 | D        | Killed a bag of meat
    19 | D        | Reached *** piety under Makhleb
    19 | D        | Killed a bag of meat
    20 | D        | Reached XP level 15. HP: 176/176 MP: 15/15
    21 | D        | Killed a destroyer
    21 | D        | Reached **** piety under Makhleb
    22 | D        | Noticed a destroyer
    22 | D        | Killed a meat berserker
    22 | D        | Killed a meat berserker
    23 | D        | Reached XP level 16. HP: 209/209 MP: 16/16
    23 | D        | Reached ***** piety under Makhleb
    23 | D        | Noticed a large bag of meat
    25 | D        | Killed a meat berserker
    25 | D        | Noticed a large bag of meat
    26 | D        | Reached skill level 27 in Fighting
    26 | D        | Reached skill level 27 in Dodging
    26 | D        | Reached XP level 17. HP: 226/226 MP: 16/22
    26 | D        | Noticed a meat berserker
    27 | D        | Killed a destroyer
    28 | D        | Killed a large bag of meat
    29 | D        | Reached XP level 18. HP: 188/236 MP: 16/30
    30 | D        | Noticed a meat berserker
    31 | D        | Noticed a sculptor of flesh
    31 | D        | Noticed a large bag of meat
    32 | D        | Killed a meat berserker
    32 | D        | Reached ****** piety under Makhleb
    32 | D        | Noticed a meat berserker
    33 | D        | Killed a large bag of meat
    33 | D        | Noticed a meat berserker
    33 | D        | Noticed a sculptor of flesh
    34 | D        | Annihilated by a sculptor of flesh

Illustrated notes

Levels and vault maps discovered:
D:        meatsprint

Skill      XL: |  1  2  3  4  5  6  7  8  9 10 11 12 13 14 15 16 17 18 |
---------------+-------------------------------------------------------+-----
Axes           | 21 27 | 27.0
Fighting       | 5 14 18 24 27 | 27.0
Dodging        | 5 14 18 24 27 | 27.0
Throwing       | 8 19 24 | 24.4
Invocations    | 8 19 24 | 24.3
Spellcasting   | |  1.2
Translocations | |  2.1

Action                   |  1- 3 |  4- 6 |  7- 9 | 10-12 | 13-15 | 16-18 || total
-------------------------+-------+-------+-------+-------+-------+-------++-------
Melee: Executioner's axe |     1 |       |       |     1 |     7 |     6 ||    15
Throw: Boomerang         |     1 |       |       |       |     1 |       ||     2
Dodge: Dodged            |       |       |       |       |       |     2 ||     2
